 Dungeon Crawl Stone Soup version 0.24-a0-779-g36f0aeb (webtiles) character file.

Game seed: 17497428532421294168, levelgen mode: deterministic

34300 Spazmo the Thaumaturge (level 13, -12/74 HPs)
             Began as a Deep Elf Fire Elementalist on Oct 7, 2019.
             Was a High Priest of Vehumet.
             Mangled by spsoon's ghost (40 damage)
             ... on level 6 of the Lair of Beasts.
             The game lasted 01:03:16 (16233 turns).

Spazmo the Thaumaturge (DEFE)                      Turns: 16233, Time: 01:03:17

Health: -12/74     AC: 10    Str:  8    XL:     13   Next: 41%
Magic:  0/33       EV: 20    Int: 29    God:    Vehumet [*****.]
Gold:   1032       SH:  5    Dex: 15    Spells: 11/41 levels left

rFire    . . .     SeeInvis .   g - +5 short sword (elec)
rCold    . . .     Gourm    .   C - +0 buckler
rNeg     . . .     Faith    .   m - +1 robe {MR+}
rPois    .         Spirit   .   D - +0 hat {Int+3}
rElec    .         Reflect  .   M - +2 cloak
rCorr    .         Harm     .   k - +1 pair of gloves {Str+3}
MR       ++...                  q - +1 pair of boots
Stlth    ++........             (no amulet)
HPRegen  0.22/turn              f - +1 ring of evasion
MPRegen  0.23/turn              (no ring)

@: lightly drained
A: no striking features
a: Renounce Religion


You were on level 6 of the Lair of Beasts.
You worshipped Vehumet.
Vehumet was extremely pleased with you.
You were not hungry.

You visited 3 branches of the dungeon, and saw 17 of its levels.
You also visited: Ossuary.

You collected 1104 gold pieces.
You spent 72 gold pieces at shops.

Inventory:

Hand Weapons
 g - a +5 short sword of electrocution (weapon)
 B - the +4 war axe "Tatiopnu" {freeze, -Tele rPois Dex+6}
   (You found it on level 6 of the Dungeon)

   It has been specially enchanted to freeze those struck by it, causing extra
   injury to most foes and up to half again as much damage against particularly
   susceptible opponents.
   It can also slow down cold-blooded creatures.
   It affects your dexterity (+6).
   It protects you from poison.
   It prevents most forms of teleportation.
Missiles
 b - 270 stones (quivered)
Armour
 k - a +1 pair of gloves of strength (worn)
 m - a +1 robe of magic resistance (worn)
 q - a +1 pair of boots (worn)
 C - a +0 buckler (worn)
 D - a +0 hat of intelligence (worn)
 M - a +2 cloak (worn)
Jewellery
 f - a +1 ring of evasion (left hand)
Wands
 j - a wand of polymorph (12)
 y - a wand of random effects (32)
 E - a wand of enslavement (9)
 F - a wand of flame (19)
 G - a wand of iceblast (10)
 J - a wand of scattershot (4)
 K - a wand of acid (10)
 N - a wand of digging (6)
Scrolls
 a - 4 scrolls of amnesia
 e - 11 scrolls of teleportation
 i - 6 scrolls of enchant armour
 p - 17 scrolls of identify
 s - 4 scrolls of magic mapping
 v - 3 scrolls of blinking
 w - a scroll of remove curse
 A - 2 scrolls of fog
 I - a scroll of fear
Potions
 d - 3 potions of agility
 h - 8 potions of curing
 n - 2 potions of brilliance
 o - 2 potions of invisibility
 r - a potion of ambrosia
 t - 2 potions of might
 u - 6 potions of heal wounds
 x - 5 potions of resistance
 z - 2 potions of flight
 H - a potion of haste
Comestibles
 c - 23 rations
 L - 5 chunks of flesh


   Skills:
 - Level 6.0(5.9) Fighting
 + Level 9.9(9.7) Dodging
 - Level 2.4(2.3) Stealth
 - Level 4.1(4.0) Shields
 - Level 14.5(14.4) Spellcasting
 - Level 10.0(9.8) Conjurations
 - Level 5.0(4.9) Summonings
 - Level 4.1(3.9) Translocations
 - Level 10.0(9.8) Fire Magic
 - Level 5.0(4.9) Air Magic
 - Level 8.0(7.8) Earth Magic


You had 11 spell levels left.
You knew the following spells:

 Your Spells              Type           Power        Failure   Level  Hunger
a - Flame Tongue          Conj/Fire      #####        1%          1    None
b - Throw Flame           Conj/Fire      ######       1%          2    None
c - Conjure Flame         Conj/Fire      ######..     1%          3    None
d - Sticky Flame          Conj/Fire      ######..     1%          4    None
e - Fireball              Conj/Fire      ######....   1%          5    None
f - Sandblast             Erth           ######       1%          1    None
g - Stone Arrow           Conj/Erth      ######       1%          3    None
h - Bolt of Magma         Conj/Fire/Erth ######....   1%          5    None
i - Summon Lightning Spi  Summ/Air       #####...     3%          4    None
j - Blink                 Tloc           N/A          1%          2    None

Your spell library contained the following spells:

 Spells                   Type           Power        Failure   Level  Hunger
 Iskenderun's Battlesphe  Conj/Chrm      #####...     2%          5    None
 Magic Dart               Conj           ####         1%          1    None
 Summon Small Mammal      Summ           ####         1%          1    None
 Call Imp                 Summ           #####...     1%          2    None
 Call Canine Familiar     Summ           #####...     1%          3    None
 Inner Flame              Hex/Fire       #####...     1%          3    None
 Mephitic Cloud           Conj/Pois/Air  #####...     1%          3    None
 Summon Guardian Golem    Hex/Summ       #####...     2%          3    None
 Irradiate                Conj/Tmut      #####.....   2%          5    None
 Slow                     Hex            ###.....     3%          2    None
 Summon Ice Beast         Ice/Summ       #####...     9%          4    None
 Statue Form              Tmut/Erth      #####....    58%         6    ####...
 Hydra Form               Tmut           ###.......   98%         6    ####...
 Dragon Form              Tmut           ###.......   100%        7    #####..


Dungeon Overview and Level Annotations

Branches:
Dungeon (10/15)            Temple (1/1) D:5            Lair (6/6) D:10
 Shoals (0/4) Lair:4        Snake (0/4) Lair:3        Slime (0/5) Lair:5
    Orc (0/2) D:9         Ossuary (visited)

Altars:
Ashenzari
Cheibriados
Elyvilon
Fedhas
Gozag
Hepliaklqana
Kikubaaqudgha
Makhleb
Nemelex Xobeh
Okawaru
Qazlal
Ru
Sif Muna
Trog
Uskayaw
Vehumet
Wu Jian
Xom
Yredelemnul
Zin
Jiyva

Shops:
D:6 ?   D:7 ?

Annotations:
D:10 3 runed translucent doors, 2tousent's ghost, novice DrTm
Lair:6 1 runed translucent door, spsoon's ghost, journeyman HOFi


Message History

Press: ? - help, Shift-Dir - straight line, f/p - spsoon's ghost
Aim: spsoon's ghost, wielding a vorpal weapon (almost destroyed)
The bolt of magma hits spsoon's ghost.
Spsoon's ghost is almost destroyed.
Spsoon's ghost barely misses you.
Casting: Bolt of Magma (safe; 1% risk of failure)
Confirm with . or Enter, or press ? or * to list all spells.
Aiming: Bolt of Magma (safe; 1% risk of failure)
Press: ? - help, Shift-Dir - straight line, f/p - spsoon's ghost
Aim: spsoon's ghost, wielding a vorpal weapon (almost destroyed)
The bolt of magma hits spsoon's ghost!
Spsoon's ghost is almost destroyed.
Spsoon's ghost closely misses you.
Casting: Bolt of Magma (safe; 1% risk of failure)
Confirm with . or Enter, or press ? or * to list all spells.
Aiming: Summon Lightning Spire (safe; 3% risk of failure)
Press: ? - help, Dir - move target cursor, p - spsoon's ghost An electric hum fills the air.
Spsoon's ghost hits you!!!
Ouch! That really hurt!
You die...

..## ### ≈..#≈..P..#....≈
...###..#. #.P............
.......... ###..............
.#.P..#.. ## #.#..............
##.†#.# ##.###................
#P..#.# ##.##.#.......#...).P†.
#..†..## ##.........#...##...†.#.
#.#....###.÷....8.#.#.......P.###
##.............W@..###.........##
#..................#..........###
.....PP....P≈.≈P..............##.
.....≈≈≈P..≈≈≈≈≈.......P..P.P.P.#
.....≈≈P≈≈≈P≈≈P≈........P........
.....≈§≈PP≈≈≈≈≈P...#........P....
.....P≈≈≈≈≈≈P≈≈≈.................
....≈≈≈≈≈≈≈≈≈≈≈≈#........#...P...
...♣♣≈≈≈≈≈≈≈≈≈≈≈♣...........#....


You could see spsoon's ghost and a friendly lightning spire.

Vanquished Creatures
  Gastronok (Lair:1)
  Nessos (Lair:6)
  Erolcha (D:9)
  A hydra (Lair:5)
  2 catoblepae
  A merfolk avatar (Lair:6)
  A two-headed ogre (D:8)
  A lindwurm (Lair:6)
  Pikel (D:8)
  A harpy (Lair:6)
  2 manticores (Lair:6)
  2 elephants
  2 black mambas
  10 spiny frogs
  5 komodo dragons
  8 rime drakes
  4 hornets (Lair:6)
  2 polar bears
  2 trolls
  A wind drake (Lair:6)
  A slime creature (Lair:2)
  2 hippogriffs
  6 blink frogs
  3 dream sheep (Lair:5)
  A wraith (D:9)
  2 spriggans (Lair:6)
  5 yaks
  5 wyverns
  3 wargs
  A hungry ghost (D:9)
  A two-headed ogre zombie (D:9)
  7 porcupines
  An ice beast (D:5)
  2 slaves (D:8)
  12 water moccasins
  4 sky beasts
  A black bear (D:9)
  3 orc warriors
  A phantom (D:9)
  10 wolves
  6 centaurs
  3 ogres
  11 crocodiles
  A big kobold (D:10)
  Blork the orc (D:3)
  12 bullfrogs
  A wyvern zombie (D:8)
  2 scorpions (D:4)
  5 killer bees (D:8)
  4 wights (D:7)
  A howler monkey (D:7)
  2 electric eels
  5 crimson imps
  3 hounds
  2 centaur skeletons
  5 orc priests
  11 jellies
  21 orc wizards
  A bullfrog skeleton (D:6)
  An iguana (D:4)
  4 hell rats (Lair:4)
  4 worker ants
  7 ogre zombies (D:9)
  13 mummies (Ossuary)
  A worker ant zombie (D:7)
  12 gnolls
  11 adders
  2 shadow imps
  13 oozes
  2 adder zombies
  A dart slug (D:1)
  8 leopard geckos
  39 orcs
  2 giant cockroaches
  3 goblins
  7 hobgoblins
  2 jackals (D:7)
  13 quokkas
  2 ball pythons
  11 bats
  5 frilled lizards
  3 goblin skeletons
  A goblin zombie (D:9)
  2 hobgoblin skeletons (D:9)
  4 hobgoblin zombies (D:9)
  2 jackal skeletons
  14 kobolds
  4 kobold skeletons (Ossuary)
  4 orc skeletons
  14 orc zombies (D:9)
  A quokka zombie (D:6)
  9 rats
  11 rat skeletons (Ossuary)
  2 fungi (Lair:2)
  2 plants
453 creatures vanquished.

Vanquished Creatures (collateral kills)
  A hydra (Lair:6)
  2 elephants (Lair:6)
  2 black mambas (Lair:6)
  3 spiny frogs
  2 rime drakes (Lair:6)
  A komodo dragon (Lair:6)
  A hornet (Lair:6)
  3 blink frogs (Lair:6)
  A dream sheep (Lair:5)
  A hippogriff (Lair:4)
  3 yaks
  A naga (Lair:3)
  2 water moccasins (Lair:4)
  2 bullfrogs
  2 hell rats (Lair:4)
27 creatures vanquished.

Vanquished Creatures (others)
  2 slaves (D:8)
  An ogre (D:8)
  A jelly (D:8)
  An adder (D:8)
  An orc skeleton (Ossuary)
  28 fungi
  41 plants (Lair:6)
75 creatures vanquished.

Grand Total: 555 creatures vanquished

Notes
Turn   | Place    | Note
-------+----------+-------------------------------------------
     0 | D:1      | Spazmo the Deep Elf Fire Elementalist began the quest for
                  | the Orb.
     0 | D:1      | Reached XP level 1. HP: 10/10 MP: 6/6
   165 | D:1      | Reached XP level 2. HP: 15/15 MP: 4/8
   169 | D:1      | Learned a level 2 spell: Throw Flame
   659 | D:1      | Reached XP level 3. HP: 19/19 MP: 8/10
   664 | D:1      | Learned a level 3 spell: Conjure Flame
  1693 | D:3      | Reached skill level 4 in Spellcasting
  1703 | D:3      | Reached XP level 4. HP: 14/24 MP: 2/12
  1709 | D:3      | Learned a level 4 spell: Sticky Flame
  1826 | D:3      | Noticed Blork the orc
  1847 | D:3      | Killed Blork the orc
  1847 | D:3      | Reached XP level 5. HP: 23/28 MP: 5/14
  1853 | D:3      | Found a shimmering blue altar of Sif Muna.
  2046 | D:3      | Reached skill level 5 in Spellcasting
  2431 | D:3      | Found a bloodstained altar of Trog.
  2431 | D:3      | Found a glowing silver altar of Zin.
  2431 | D:3      | Found a sacrificial altar of Ru.
  2433 | D:3      | Found a basalt altar of Yredelemnul.
  2435 | D:3      | Found an iron altar of Okawaru.
  2550 | D:4      | Reached skill level 5 in Fire Magic
  2702 | D:4      | Reached XP level 6. HP: 28/32 MP: 12/16
  2709 | D:4      | Learned a level 5 spell: Fireball
  2709 | D:4      | Found a white marble altar of Elyvilon.
  2745 | D:4      | Reached skill level 6 in Spellcasting
  3049 | D:5      | Entered Level 5 of the Dungeon
  3141 | D:5      | Found a staircase to the Ecumenical Temple.
  3146 | D:5      | Noticed an ice beast
  3150 | Temple   | Entered the Ecumenical Temple
  3156 | Temple   | Became a worshipper of Vehumet
  3177 | D:5      | Killed an ice beast
  3177 | D:5      | Reached XP level 7. HP: 36/36 MP: 13/18
  3205 | D:5      | Reached skill level 5 in Conjurations
  3208 | D:5      | Found a sand-covered staircase.
  3250 | Ossuary  | Entered an ossuary
  3413 | Ossuary  | Reached * piety under Vehumet
  3413 | Ossuary  | Offered knowledge of Sandblast by Vehumet.
  3427 | Ossuary  | Learned a level 1 spell: Sandblast
  3562 | Ossuary  | Reached skill level 7 in Spellcasting
  3953 | D:5      | Reached skill level 1 in Earth Magic
  4007 | D:5      | Found an opulent altar of Gozag.
  4019 | D:5      | Reached ** piety under Vehumet
  4020 | D:5      | Reached XP level 8. HP: 27/41 MP: 9/21
  4152 | D:5      | Offered knowledge of Freeze by Vehumet.
  4303 | D:6      | Found a stormy altar of Qazlal.
  4426 | D:6      | Got a faintly glowing war axe
  4427 | D:6      | Identified the +4 war axe "Tatiopnu" {freeze, -Tele rPois
                  | Dex+6} (You found it on level 6 of the Dungeon)
  4481 | D:6      | Found Awnyips's Magic Scroll Shop.
  4507 | D:6      | Reached skill level 8 in Spellcasting
  5241 | D:7      | Offered knowledge of Stone Arrow by Vehumet.
  5252 | D:7      | Found Digeasevia's Magic Scroll Emporium.
  5257 | D:7      | Learned a level 3 spell: Stone Arrow
  5305 | D:7      | Reached XP level 9. HP: 45/45 MP: 2/23
  5459 | D:7      | Bought a scroll of identify for 24 gold pieces
  5459 | D:7      | Bought a scroll of identify for 24 gold pieces
  5459 | D:7      | Bought a scroll of identify for 24 gold pieces
  5539 | D:7      | Reached skill level 9 in Spellcasting
  5563 | D:7      | Reached *** piety under Vehumet
  5908 | D:7      | Found a sacrificial altar of Ru.
  6127 | D:8      | Noticed Pikel
  6133 | D:8      | Killed Pikel
  6133 | D:8      | Reached skill level 5 in Earth Magic
  6329 | D:8      | Offered knowledge of Iskenderun's Mystic Blast by Vehumet.
  6341 | D:8      | Reached skill level 10 in Spellcasting
  7070 | D:8      | Noticed a two-headed ogre
  7077 | D:8      | Killed a two-headed ogre
  7077 | D:8      | Reached XP level 10. HP: 50/50 MP: 8/26
  7353 | D:9      | Noticed Erolcha
  7362 | D:9      | Killed Erolcha
  7362 | D:9      | Reached skill level 11 in Spellcasting
  7419 | D:9      | Reached **** piety under Vehumet
  7587 | D:9      | Offered knowledge of Olgreb's Toxic Radiance by Vehumet.
  7648 | D:9      | Reached skill level 1 in Shields
  7670 | D:9      | Found a staircase to the Orcish Mines.
  8012 | D:9      | Reached skill level 10 in Fire Magic
  8271 | D:10     | Entered Level 10 of the Dungeon
  8283 | D:10     | Found a staircase to the Lair.
  8288 | D:10     | Reached ***** piety under Vehumet
  8288 | D:10     | Offered knowledge of Bolt of Magma by Vehumet.
  8310 | D:9      | Learned a level 5 spell: Bolt of Magma
  8841 | D:10     | Found a runed translucent gate.
  8842 | D:10     | Found a runed translucent gate.
  8843 | D:10     | Found a runed translucent gate.
  8843 | D:10     | Noticed 2tousent's ghost (novice DrTm)
  8845 | D:10     | Identified the cursed +0 short sword of Slow Death {chaos,
                  | +Rage rF+ rN+}
  8869 | D:10     | Reached skill level 10 in Conjurations
  8869 | D:10     | Reached XP level 11. HP: 54/54 MP: 14/28
  8875 | D:10     | Learned a level 4 spell: Summon Lightning Spire
  9203 | Lair:1   | Entered Level 1 of the Lair of Beasts
  9262 | Lair:1   | Reached skill level 1 in Summonings
  9262 | Lair:1   | Reached skill level 1 in Air Magic
  9638 | Lair:1   | Noticed Gastronok
  9652 | Lair:1   | Killed Gastronok
  9960 | Lair:1   | Reached skill level 5 in Summonings
 10156 | Lair:2   | Reached skill level 5 in Air Magic
 10168 | Lair:2   | Reached skill level 1 in Fighting
 10627 | Lair:2   | Noticed a catoblepas
 10632 | Lair:2   | Killed a catoblepas
 10662 | Lair:2   | Upgraded the game from 0.24-a0-778-g74da537 to
                  | 0.24-a0-779-g36f0aeb
 10919 | Lair:3   | Offered knowledge of Airstrike by Vehumet.
 11104 | Lair:3   | Found a staircase to the Snake Pit.
 11110 | Lair:3   | Reached skill level 5 in Dodging
 11140 | Lair:3   | Learned a level 2 spell: Blink
 11732 | Lair:4   | Reached skill level 1 in Translocations
 11752 | Lair:4   | Found a staircase to the Shoals.
 11767 | Lair:4   | Reached XP level 12. HP: 35/64 MP: 8/29
 12387 | Lair:4   | Reached skill level 12 in Spellcasting
 12993 | Lair:5   | Reached skill level 13 in Spellcasting
 13242 | Lair:5   | Noticed a five-headed hydra
 13247 | Lair:5   | Killed a five-headed hydra
 13247 | Lair:5   | Reached skill level 14 in Spellcasting
 13393 | Lair:5   | Found a viscous altar of Jiyva.
 13393 | Lair:5   | Found a staircase to the Slime Pits.
 13869 | Lair:6   | Entered Level 6 of the Lair of Beasts
 13958 | Lair:6   | Noticed a four-headed hydra
 13962 | Lair:6   | Killed a four-headed hydra
 14228 | Lair:6   | Offered knowledge of Iskenderun's Battlesphere by Vehumet.
 14362 | Lair:6   | Found a runed translucent door.
 14364 | Lair:6   | Identified the +9 trident of Compound Interest {drain,
                  | Dex+2}
 14365 | Lair:6   | Noticed spsoon's ghost (journeyman HOFi)
 14402 | Lair:6   | Noticed Nessos
 14441 | Lair:6   | Killed Nessos
 14714 | Lair:6   | Reached XP level 13. HP: 72/72 MP: 27/33
 14927 | Lair:6   | Reached skill level 5 in Fighting
 16233 | Lair:6   | Mangled by spsoon's ghost

Levels and vault maps discovered:
D:1:      minmay_arrival_plants_in_alcoves, layout_basic, serial_park_tiny_1,
          minmay_heptomino_o4
D:2:      layout_basic
D:3:      layout_loops_cross, minitemple, first_ration, tgw_sif
D:4:      layout_basic, elyvilon_altar_5
D:5:      layout_cave_pools, minmay_temple_entry_gardened_gates,
          nicolae_ossuary_entry_false_entrances,
          nicolae_gozag_cash_rules_everything_around_me
D:6:      layout_rooms, serial_shops, kennysheep_little_box, basic_altar,
          hangedman_abyss_or_decor_lesser_grid, minmay_misc_feat_iff
D:7:      layout_basic, serial_shops, shop, basic_altar
D:8:      layout_cave_pods, uniq_pikel
D:9:      layout_basic, zombieorc2_lemuel, uniq_erolcha
D:10:     layout_long_grid, erik_lair_orcish_takeover,
          gammafunk_ghost_nasty_kobolds
Temple:   nicolae_temple_x_marks_the_god
Lair:1:   layout_hall_layers, uniq_gastronok
Lair:2:   lemuel_slime, layout_hall_layers, grunt_megastairs_1
Lair:3:   layout_cave_pods, guppyfry_snake_entry_island, grunt_megastairs_2
Lair:4:   layout_cave_pods, minmay_shoals_entry_centaurs, guppyfry_lair_drakes,
          infiniplex_staircase_pool_2
Lair:5:   layout_cave_shapes, slime_altar_1, lemuel_fruit_tree
Lair:6:   gammafunk_lair_ancient_temple, layout_layer_cave,
          ebering_ghost_funeral_grove, serial_bayou_shore_a, uniq_nessos

Skill      XL: |  1  2  3  4  5  6  7  8  9 10 11 12 13 |
---------------+----------------------------------------+-----
Conjurations   | 2 3 4 5 7 8 10 | 10.0
Fire Magic     | 4 5 6 7 9 10 | 10.0
Spellcasting   | 4 5 6 7 8 10 11 14 | 14.5
Earth Magic    | 1 4 6 8 |  8.0
Shields        | 2 4 |  4.1
Summonings     | 5 |  5.0
Air Magic      | 5 |  5.0
Fighting       | 2 4 6 |  6.0
Dodging        | 5 7 9 |  9.9
Translocations | 1 4 |  4.1
Stealth        | |  2.4

Action                   |  1- 3 |  4- 6 |  7- 9 | 10-12 | 13-15 || total
-------------------------+-------+-------+-------+-------+-------++-------
Melee: Dagger            |     2 |       |       |       |       ||     2
       Spear             |     1 |     4 |    16 |       |       ||    21
       Short sword       |       |       |    44 |    17 |     1 ||    62
Throw: Stone             |       |       |       |     1 |       ||     1
 Cast: Flame Tongue      |    68 |    85 |   216 |   284 |    26 ||   679
       Throw Flame       |     2 |    10 |    43 |    40 |     7 ||   102
       Conjure Flame     |       |     1 |     2 |     5 |       ||     8
       Sandblast         |       |       |    20 |    46 |    25 ||    91
       Sticky Flame      |       |       |    12 |    40 |     8 ||    60
       Fireball          |       |       |    18 |    24 |       ||    42
       Stone Arrow       |       |       |     4 |     6 |       ||    10
       Bolt of Magma     |       |       |       |    41 |    40 ||    81
       Summon Lightning  |       |       |       |    32 |    10 ||    42
  Use: Scroll            |     5 |     4 |    13 |    11 |       ||    33
       Potion            |     1 |     1 |     4 |       |     1 ||     7
 Stab: Sleeping          |     2 |       |       |       |       ||     2
  Eat: Chunk             |     2 |     5 |    10 |    16 |     5 ||    38
       Ration            |       |       |     2 |     3 |       ||     5
Armor: Robe              |     6 |     1 |    32 |    12 |    10 ||    61
Dodge: Dodged            |    14 |    15 |    66 |    60 |    17 ||   172
Block: Buckler           |       |       |       |    21 |     5 ||    26

Table legend:
 A = Non-vault XP
 B = Vault XP
 C = Vault XP percentage of total XP
 D = Non-vault monster count
 E = Vault monster count
 F = Vault count percentage of total count
                 A         B        C        D         E       F
            +---------+---------+-------+---------+---------+-------
      Total |   31138 |   17863 |  36.5 |     334 |     140 |  29.5
            +---------+---------+-------+---------+---------+-------
        D:1 |      35 |       7 |  16.7 |      21 |       4 |  16.0
        D:2 |      34 |       0 |   0.0 |      17 |       0 |   0.0
        D:3 |     155 |      90 |  36.7 |      24 |       1 |   4.0
        D:4 |     394 |       0 |   0.0 |      16 |       0 |   0.0
        D:5 |     590 |       0 |   0.0 |      23 |       0 |   0.0
        D:6 |    1053 |       0 |   0.0 |      29 |       0 |   0.0
        D:7 |    1089 |       0 |   0.0 |      31 |       0 |   0.0
        D:8 |    2084 |     617 |  22.8 |      27 |       1 |   3.6
        D:9 |    1251 |    2214 |  63.9 |      18 |      40 |  69.0
       D:10 |    1201 |     332 |  21.7 |      22 |       6 |  21.4
     Lair:1 |    3949 |    2255 |  36.3 |      21 |       1 |   4.5
     Lair:2 |    1887 |     885 |  31.9 |       6 |      19 |  76.0
     Lair:3 |     475 |     292 |  38.1 |       3 |       2 |  40.0
     Lair:4 |    3792 |    1342 |  26.1 |      26 |       7 |  21.2
     Lair:5 |    5074 |       0 |   0.0 |      21 |       0 |   0.0
     Lair:6 |    8075 |    9583 |  54.3 |      29 |      28 |  49.1
    Ossuary |       0 |     246 | 100.0 |       0 |      31 | 100.0
            +---------+---------+-------+---------+---------+-------
